 Dungeon Sprint DCSS version 0.30-a0-58-gc0703345a7 (webtiles) character file.

Game seed: 3722061886099103038

434 lesbiats the Nimble (level 6, -2/66 HPs)
             Began as a Troll Fighter on Sept 12, 2022.
             Was an Initiate of Jiyva.
             Slain by a yak (12 damage)
             ... in the Dungeon (Sprint IX: "|||||||||||||||||||||||||||||").
             The game lasted 00:02:45 (279 turns).

lesbiats the Nimble (Troll Fighter)                  Turns: 279, Time: 00:02:45

Health: -2/66      AC:  4    Str: 27    XL:     6   Next: 67%
Magic:  5/5        EV: 13    Int:  4    God:    Jiyva [......]
Gold:   0          SH:  9    Dex: 12    Spells: 5/5 levels left

rFire   . . .      SeeInvis .    a - +0 flail
rCold   . . .      Faith    .    c - +0 kite shield
rNeg    . . .      Spirit   .    b - +0 robe
rPois   .          Reflect  .    (helmet restricted)
rElec   .          Harm     .    (no cloak)
rCorr   .          Rampage  .    (gloves unavailable)
Will    .....      NoTele   +    (boots unavailable)
Stlth   +.........               (no amulet)
HPRegen 1.01/turn                o - +2 ring of evasion
MPRegen 0.09/turn                p - +3 ring of dexterity

@: on berserk cooldown, slowed, very slow
A: large, unfitting armour, claws 3, regeneration 1, shaggy fur 1, tough skin 1
a: Renounce Religion


You were in the Dungeon.
You worshipped Jiyva.
Jiyva was noncommittal.
You visited 1 branch

Inventory:

Hand Weapons
 a - a +0 flail (weapon)
 n - a +2 dire flail of protection
Armour
 b - a +0 robe (worn)
 c - a +0 kite shield (worn)
Jewellery
 o - a +2 ring of evasion (left claw)
 p - a +3 ring of dexterity (right claw)
Wands
 m - a wand of acid (10)
Scrolls
 j - 2 scrolls of blinking
 l - 2 scrolls of amnesia
Potions
 d - a potion of might
 e - a potion of invisibility
 f - 2 potions of heal wounds
 g - a potion of haste
 h - 4 potions of magic


   Skills:
 + Level 5.5 Fighting
 + Level 6.2 Maces & Flails
 * Level 8.2 Dodging
 + Level 6.5 Shields


You had 5 spell levels left.
You didn't know any spells.
Your spell library was empty.

Dungeon Overview and Level Annotations

Branches:
Dungeon (1/1)

Altars:
Cheibriados
Dithmenos
Elyvilon
Fedhas
Gozag
Hepliaklqana
Kikubaaqudgha
Makhleb
Nemelex Xobeh
Okawaru
Qazlal
Ru
Sif Muna
Trog
Uskayaw
Vehumet
Wu Jian
Xom
Yredelemnul
Zin
The Shining One
Jiyva
Lugonu


Innate Abilities, Weirdness & Mutations

You are too large for most types of armour.
You have claws for hands.
Your natural rate of healing is unusually fast.
You are covered in fur. (AC +1)
You have tough skin. (AC +1)


Message History

The gnoll sergeant hits you from afar with a +1 trident of venom!
* * * LOW HITPOINT WARNING * * *
You feel better. The yak barely misses you. The gnoll sergeant misses you.
You feel much better. The yak gores you! You block the gnoll sergeant's attack.
The yak gores you! You block the gnoll sergeant's attack.
You hit the yak but do no damage.
The yak is moderately wounded.
You block the yak's attack. The gnoll sergeant misses you.
The yak barely misses you. You block the gnoll sergeant's attack.
You sock the yak!
The yak is heavily wounded.
The yak gores you!
* * * LOW HITPOINT WARNING * * *
You block the gnoll sergeant's attack.
You thump the yak!
The yak is almost dead.
The gnoll sergeant hits you from afar with a +1 trident of venom!
* * * LOW HITPOINT WARNING * * *
The yak closely misses you.
The gnoll sergeant hits you from afar with a +1 trident of venom!
* * * LOW HITPOINT WARNING * * *
You are lethally poisoned!
You block the yak's attack.
You feel better. The gnoll sergeant closely misses you.
You block the yak's attack.
The gnoll sergeant hits you from afar with a +1 trident of venom.
* * * LOW HITPOINT WARNING * * *
You are poisoned.
You block the yak's attack.
You feel better. The yak gores you but does no damage.
The gnoll sergeant closely misses you.
You sock the yak!
The yak is almost dead.
The gnoll sergeant hits you from afar with a +1 trident of venom!
* * * LOW HITPOINT WARNING * * *
You are poisoned.
The yak misses you. You block the gnoll sergeant's attack. The yak gores you!
* * * LOW HITPOINT WARNING * * *
You feel better. The yak gores you!
You die... ▓▓▓▓▓▓▓▓▓▓▓▓▓▓▓▓▓▓▓▓▓▓▓▓ +....gY@..[[[.)..'______ ▓▓▓▓▓▓▓▓▓▓▓▓▓▓▓▓▓▓▓▓▓▓▓▓

You could see a yak and a gnoll sergeant.

Vanquished Creatures
  A yak (D)
  A vampire mosquito (D)
  A scorpion (D)
  A wight (D)
  An iguana (D)
  An orc wizard (D)
  A white imp (D)
  A dart slug (D)
  An orc (D)
  An endoplasm (D)
  A giant cockroach (D)
  A hobgoblin (D)
  A quokka (D)
  A rat (D)
14 creatures vanquished.

Vanquished Creatures (others)
  An entropy weaver (D)
  3 great orbs of eyes (D)
  An ironbound convoker (D)
  A yaktaur (D)
  2 slime creatures (D)
8 creatures vanquished.

Grand Total: 22 creatures vanquished

Notes
Turn   | Place    | Note
-------+----------+-------------------------------------------
     0 | D        | lesbiats the Troll Fighter began the quest for the Orb.
     0 | D        | Reached XP level 1. HP: 22/22 MP: 0/0
    13 | D        | Reached skill level 3 in Dodging
   131 | D        | Noticed a scorpion
   131 | D        | Noticed an iguana
   142 | D        | Killed an iguana
   143 | D        | Reached skill level 4 in Dodging
   143 | D        | Reached XP level 2. HP: 25/31 MP: 1/1
   143 | D        | Reached XP level 3. HP: 30/37 MP: 2/2
   160 | D        | Killed a scorpion
   161 | D        | Reached skill level 5 in Dodging
   161 | D        | Reached XP level 4. HP: 23/48 MP: 3/3
   202 | D        | Found a snail-covered altar of Cheibriados.
   202 | D        | Found a shadowy altar of Dithmenos.
   202 | D        | Found a white marble altar of Elyvilon.
   202 | D        | Found a blossoming altar of Fedhas.
   202 | D        | Found an opulent altar of Gozag.
   203 | D        | Found a hazy altar of Hepliaklqana.
   204 | D        | Found a viscous altar of Jiyva.
   205 | D        | Found an ancient bone altar of Kikubaaqudgha.
   206 | D        | Found a corrupted altar of Lugonu.
   207 | D        | Found a burning altar of Makhleb.
   208 | D        | Found a sparkling altar of Nemelex Xobeh.
   209 | D        | Found an iron altar of Okawaru.
   210 | D        | Found a stormy altar of Qazlal.
   211 | D        | Found a sacrificial altar of Ru.
   212 | D        | Became a worshipper of Jiyva Jisoix the Shapeless
   213 | D        | Found a shimmering blue altar of Sif Muna.
   214 | D        | Found a bloodstained altar of Trog.
   214 | D        | Killed an ironbound convoker
   215 | D        | Found a hide-covered altar of Uskayaw.
   215 | D        | Killed a yaktaur
   215 | D        | Killed a slime creature
   216 | D        | Found a radiant altar of Vehumet.
   216 | D        | Killed a great orb of eyes
   217 | D        | Found an ornate altar of the Wu Jian Council.
   217 | D        | Killed a great orb of eyes
   217 | D        | Killed a slime creature
   218 | D        | Found a shimmering altar of Xom.
   219 | D        | Found a basalt altar of Yredelemnul.
   219 | D        | Killed a great orb of eyes
   220 | D        | Found a glowing silver altar of Zin.
   221 | D        | Found a glowing golden altar of the Shining One.
   235 | D        | Killed an entropy weaver
   248 | D        | Noticed a gnoll sergeant
   248 | D        | Noticed a yak
   248 | D        | Noticed a vampire mosquito
   248 | D        | Noticed a yak
   263 | D        | Killed a yak
   264 | D        | Reached skill level 5 in Maces & Flails
   264 | D        | Reached skill level 7 in Dodging
   264 | D        | Reached skill level 5 in Shields
   264 | D        | Reached XP level 5. HP: 30/55 MP: 4/4
   265 | D        | Killed a vampire mosquito
   266 | D        | Reached skill level 5 in Fighting
   266 | D        | Reached skill level 8 in Dodging
   266 | D        | Reached XP level 6. HP: 38/66 MP: 5/5
   275 | D        | HP: 1/66 [gnoll sergeant/+1 trident of venom (12)]
   279 | D        | Slain by a yak

Illustrated notes

Levels and vault maps discovered:
D:        linesprint [early_d, line_temple, items_1, d_10, items_2, lair_1,
          lair_end, items_3, orc_1, orc_end, items_4, d_15, swamp_1, shoals_1,
          snake_1, spider_1, d_20, vaults_1, items_5, swamp_end, shoals_end,
          snake_end, spider_end, vaults_end, d_27, items_6, zot_1, zot_end,
          crypt_end, forest_end, elf_end, slime_end, tomb_end, abyss_end,
          pan_hell_end]

Skill      XL: |  1  2  3  4  5 |
---------------+----------------+-----
Shields        | 3 4 5 6 |  6.5
Dodging        | 4 5 7 8 |  8.2
Maces & Flails | 2 3 5 6 |  6.2
Fighting       | 3 4 5 |  5.5

Action                   |  1- 3 |  4- 6 || total
-------------------------+-------+-------++-------
Melee: Flail             |    43 |    26 ||    69
  Use: Potion            |     1 |     6 ||     7
Armor: Robe              |    12 |     2 ||    14
Dodge: Dodged            |    18 |    17 ||    35
Block: Kite shield       |    13 |    14 ||    27

Table legend: (Time is in decaauts)
 A = Elapsed time spent in this place.
 B = Non-inter-level travel time spent in this place.
 C = Inter-level travel time spent in this place.
 D = Time resting spent in this place.
 E = Time spent auto-exploring this place.
 F = Levels seen in this place.
 G = Mean time per level.
                   A        B        C        D        E       F      G
               +--------+--------+--------+--------+--------+-----+--------+
         Total |    305 |    280 |     25 |    130 |      0 |   1 |  305.0 |
       Dungeon |    305 |    280 |     25 |    130 |      0 |   1 |  305.0 |
               +--------+--------+--------+--------+--------+-----+--------+

Top non-repeatable levels by time:
       D: 305 daAuts
